 Dungeon Crawl Stone Soup version 0.28-a0-1199-gef9e1dbd39 (webtiles) character file.

Game seed: 10825785521733857651

544 SensoryNuts the Slasher (level 7, -15/53 HPs)
             Began as a Demonspawn Fighter on Dec 19, 2021.
             Killed by divine providence
             ... invoked by an orc priest
              (16 damage)
             ... on level 4 of the Dungeon.
             The game lasted 00:06:49 (4625 turns).

SensoryNuts the Slasher (Demonspawn Fighter)        Turns: 4625, Time: 00:06:49

Health: -15/53     AC: 15    Str: 18    XL:     7   Next: 6%
Magic:  7/7        EV:  7    Int: 10    God:
Gold:   159        SH:  4    Dex: 12    Spells: 6/6 levels left

rFire   + . .      SeeInvis .   a - +0 long sword
rCold   + + .      Faith    .   c - +0 buckler
rNeg    . . .      Spirit   .   h - +3 chain mail {rC+}
rPois   +          Reflect  .   (no helmet)
rElec   +          Harm     .   (no cloak)
rCorr   +          Rampage  .   g - +2 pair of gloves
Will    +....                   (no boots)
Stlth   ..........              (no amulet)
HPRegen 0.17/turn               d - ring of willpower
MPRegen 0.10/turn               (no ring)

@: mighty, resistant, hasted, very quick
A: demonic magic 2, demonic touch 1
a: no special abilities


You were on level 4 of the Dungeon.
You visited 1 branch of the dungeon, and saw 4 of its levels.
You also visited: Sewer.

You collected 159 gold pieces.

Inventory:

Hand Weapons
 a - a +0 long sword (weapon)
Armour
 b - a +0 scale mail
 c - a +0 buckler (worn)
 g - a +2 pair of gloves (worn)
 h - a +3 chain mail of cold resistance (worn)
Jewellery
 d - a ring of willpower (left hand)
 e - a +6 ring of intelligence
 f - a ring of wizardry
Scrolls
 i - 2 scrolls of brand weapon {unknown}
 l - a scroll of blinking {unknown}
 m - 3 scrolls of fog
 o - a scroll of identify {unknown}
Potions
 j - 2 potions of brilliance


   Skills:
 + Level 3.8 Fighting
 * Level 5.4 Long Blades
 + Level 4.0 Armour
 + Level 1.1 Dodging
 + Level 0.4 Stealth
 + Level 3.1 Shields


You had 6 spell levels left.
You didn't know any spells.
Your spell library contained the following spells:

 Spells                   Type           Power      Damage    Failure   Level
 Passwall                 Tmut/Erth      0%         N/A       100%        2
 Ignite Poison            Fire/Tmut/Pois 0%         N/A       100%        3
 Mephitic Cloud           Conj/Pois/Air  0%         N/A       100%        3
 Swiftness                Air            0%         N/A       100%        3
 Animate Dead             Necr           0%         N/A       100%        4
 Freezing Cloud           Conj/Ice/Air   0%         6-21      100%        5
 Haunt                    Necr/Summ      0%         N/A       100%        7
 Infestation              Necr           0%         N/A       100%        8


Dungeon Overview and Level Annotations

Branches:
Dungeon (4/15)              Sewer (visited)
 Temple: D:4-7

Altars:
Cheibriados
Fedhas
Zin

Annotations:
D:2 Sigmund


Innate Abilities, Weirdness & Mutations

Spells you cast may paralyse nearby enemies.
Your touch may inflict minor irresistible damage on your foes.


Message History

You kill the orc!
The orc priest calls down the wrath of Beogh upon you.
Beogh smites you! The endoplasm freezes you.
You are frozen.
You resist.
You slash the kobold!
You kill the kobold!
The endoplasm freezes you.
You are frozen.
You resist.
The orc priest mumbles some strange prayers to Beogh against you.
Beogh smites you!
* * * LOW HITPOINT WARNING * * *
It was a potion of resistance.
You feel protected. The endoplasm barely misses you.
The ice beast hits you but does no damage.
You feel yourself speed up. The orc hits you with a +0 mace.
* * * LOW HITPOINT WARNING * * *
The endoplasm barely misses you.
The ice beast hits you but does no damage.
As you read the scroll of fog, it crumbles to dust.
The scroll dissolves into smoke.
The endoplasm freezes you.
You are frozen.
You resist.
* * * LOW HITPOINT WARNING * * *
The ice beast closely misses you.
You barely miss the orc.
The orc is moderately wounded.
The orc hits you but does no damage. The endoplasm freezes you.
You are frozen.
You resist.
* * * LOW HITPOINT WARNING * * *
You slash the orc!
You kill the orc!
The orc priest begins to cast a cantrip, but forgets the words!
The ice beast hits you but does no damage.
The endoplasm hits you but does no damage.
The orc priest calls down the wrath of Beogh upon you.
Beogh smites you!
You die...

........Y.Z'.#........#
...........#...(.#....#
...........#)....#....####
.......oo..#.#.#.#........
........K..#)....#........
.......J...#r§...#........
.....oZ....#Y#.#.#........
.....r.....#§J§..#.......#
...........#@o§..#.......#
...........#§#§#.#.......# .
...........#.....#.......##..
#.....#.......##..
#.#.#.#...........
#.....#...........
#.....#........... #.#
#.#........... #...........


You could see an ice beast, an orc priest and an endoplasm.

Vanquished Creatures
  A black bear (D:4)
  A phantom (D:2)
  A scorpion (D:3)
  2 orc priests (D:4)
  Natasha (thrice) (D:2)
  Terence (D:2)
  A howler monkey skeleton (D:4)
  6 adders
  2 adder skeletons (D:4)
  2 worms (D:2)
  A dart slug (D:4)
  10 orcs
  12 ball pythons
  2 endoplasms
  3 giant cockroaches
  7 goblins
  3 hobgoblins
  2 quokkas
  6 bats
  9 frilled lizards
  8 kobolds
  4 rats
87 creatures vanquished.

Notes
Turn   | Place    | Note
-------+----------+-------------------------------------------
     0 | D:1      | SensoryNuts the Demonspawn Fighter began the quest for the
                  | Orb.
     0 | D:1      | Reached XP level 1. HP: 18/18 MP: 1/1
    21 | D:1      | Found a faded altar of an unknown god.
   129 | D:1      | Gained mutation: Spells you cast may paralyse adjacent
                  | enemies. [demonic ancestry]
   129 | D:1      | Reached XP level 2. HP: 24/24 MP: 2/2
   325 | D:1      | Reached skill level 2 in Long Blades
   742 | D:2      | Reached XP level 3. HP: 25/29 MP: 3/3
  1094 | D:2      | Noticed a phantom
  1106 | D:2      | Killed a phantom
  1107 | D:2      | Reached skill level 3 in Long Blades
  1107 | D:2      | Reached XP level 4. HP: 12/35 MP: 4/4
  1330 | D:2      | Noticed Natasha
  1342 | D:2      | Killed Natasha
  1343 | D:2      | Reached XP level 5. HP: 7/41 MP: 5/5
  1666 | D:2      | Noticed Terence
  1695 | D:2      | Killed Terence
  1696 | D:2      | Reached skill level 1 in Dodging
  1836 | D:2      | Noticed Natasha
  1845 | D:2      | Noticed Sigmund
  1861 | D:2      | Killed Natasha
  1862 | D:2      | Reached skill level 4 in Long Blades
  1866 | D:2      | Noticed Natasha
  1877 | D:2      | Killed Natasha
  2588 | D:3      | Gained mutation: Your touch may inflict minor irresistible
                  | damage on your foes. [demonic ancestry]
  2588 | D:3      | Reached XP level 6. HP: 27/48 MP: 6/6
  2808 | D:3      | Found a blossoming altar of Fedhas.
  3848 | D:4      | Found a glowing drain.
  3858 | Sewer    | Entered a sewer
  3879 | Sewer    | Reached skill level 5 in Long Blades
  4464 | D:4      | Found a snail-covered altar of Cheibriados.
  4472 | D:4      | Gained mutation: Spells you cast may paralyse nearby
                  | enemies. [demonic ancestry]
  4472 | D:4      | Reached XP level 7. HP: 50/53 MP: 7/7
  4622 | D:4      | HP: 2/53 [frozen (1)]
  4625 | D:4      | Killed from afar by an orc priest

Illustrated notes

Levels and vault maps discovered:
D:1:      giann_forest_graveyard, layout_basic,
          chequers_ecumenical_altar_simple, roderic_serpentine_path,
          hangedman_decor_peaks_small, serial_bayou_pond_d
D:2:      layout_loops_cross, uniq_sigmund, uniq_terence, uniq_natasha
D:3:      layout_rooms, lemuel_crystal_altar, fedhas_altar_2
D:4:      layout_basic, kennysheep_slug_shrine, cheibrodos_sewer_entry_drain,
          minmay_misc_feat_doors, columned_hall_lemuel, grunt_ministairs_14

Skill      XL: |  1  2  3  4  5  6  7 |
---------------+----------------------+-----
Long Blades    | 2 3 4 5 |  5.4
Armour         | 3 4 |  4.0
Dodging        | 1 |  1.1
Shields        | 3 |  3.1
Fighting       | |  3.8
Stealth        | |  0.4

Action                   |  1- 3 |  4- 6 |  7- 9 || total
-------------------------+-------+-------+-------++-------
Melee: Long sword        |    76 |   231 |    29 ||   336
  Use: Scroll            |     2 |     3 |     1 ||     6
       Potion            |     1 |     4 |     3 ||     8
 Stab: Invisible         |       |     2 |       ||     2
Armor: Scale mail        |    46 |     9 |       ||    55
       Chain mail        |       |   162 |    27 ||   189
Dodge: Dodged            |    42 |    92 |    12 ||   146
Block: Buckler           |    14 |    56 |     5 ||    75

Table legend: (Time is in decaauts)
 A = Elapsed time spent in this place.
 B = Non-inter-level travel time spent in this place.
 C = Inter-level travel time spent in this place.
 D = Time resting spent in this place.
 E = Time spent auto-exploring this place.
 F = Levels seen in this place.
 G = Mean time per level.
                   A        B        C        D        E       F      G
               +--------+--------+--------+--------+--------+-----+--------+
         Total |   4805 |   4451 |    354 |      0 |   3387 |   5 |  961.0 |
       Dungeon |   4351 |   3997 |    354 |      0 |   3129 |   4 | 1087.8 |
         Sewer |    454 |    454 |      0 |      0 |    257 |   1 |  454.0 |
               +--------+--------+--------+--------+--------+-----+--------+

Top non-repeatable levels by time:
     D:2: 1627 daAuts
     D:1: 1014 daAuts
     D:4: 863 daAuts
     D:3: 846 daAuts
   Sewer: 454 daAuts
